 Dungeon Crawl Stone Soup version 0.28-a0-1510-gd0f6b136d3 (webtiles) character file.

Game seed: 17550718666018138374

21 comborobin the Sneak (level 2, -3/24 HPs)
             Began as a Mummy Delver on Jan 15, 2022.
             Slain by an adder (4 damage)
             ... on level 5 of the Dungeon.
             The game lasted 00:01:14 (469 turns).

comborobin the Sneak (Mummy Delver)                  Turns: 469, Time: 00:01:15

Health: -3/24      AC:  3    Str: 15    XL:     2   Next: 62%
Magic:  2/2        EV: 11    Int:  9    God:
Gold:   0          SH:  0    Dex: 13    Spells: 1/1 levels left

rFire   x . .      SeeInvis .     - Unarmed
rCold   + . .      Faith    .   (no shield)
rNeg    + + +      Spirit   .   a - +0 leather armour
rPois   ∞          Reflect  .   (no helmet)
rElec   .          Harm     .   (no cloak)
rCorr   .          Rampage  .   (no gloves)
Will    .....                   (no boots)
Stlth   ++........              (no amulet)
HPRegen 0.08/turn               (no ring)
MPRegen 0.08/turn               (no ring)

@: no status effects
A: cold resistance 1, negative energy resistance 3, torment resistance 2, heat
vulnerability 1, no potions
a: no special abilities


You were on level 5 of the Dungeon.
You visited 1 branch of the dungeon, and saw 2 of its levels.

Inventory:

Armour
 a - a +0 leather armour (worn)
Wands
 e - a wand of digging (3)
Scrolls
 b - a scroll of fog
 d - a scroll of fear


   Skills:
 - Level 3.0 Fighting
 - Level 1.5 Dodging
 - Level 4.1 Stealth
 + Level 2.6 Unarmed Combat


You had one spell level left.
You didn't know any spells.
Your spell library was empty.

Dungeon Overview and Level Annotations

Branches:
Dungeon (6/15)             Temple (0/1) D:5

Altars:

Annotations:
D:5 2 runed translucent doors, exclusion: jelly


Innate Abilities, Weirdness & Mutations

You are immune to poison.
Your flesh is cold resistant. (rC+)
You are immune to negative energy. (rN+++)
You are immune to unholy pain and torment.
You are vulnerable to heat. (rF-)
You do not drink.


Message History

You miss the adder.
The adder is severely wounded.
The adder closely misses you.
You hit the adder but do no damage.
The adder is severely wounded.
The adder bites you.
You closely miss the adder.
The adder is severely wounded.
The adder bites you but does no damage.
You hit the adder but do no damage.
The adder is severely wounded.
The adder bites you but does no damage. The adder barely misses you.
You closely miss the adder.
The adder is severely wounded.
The adder barely misses you.
You closely miss the adder.
The adder is severely wounded.
The adder barely misses you.
You closely miss the adder.
The adder is severely wounded.
The adder bites you.
You hit the adder.
The adder is almost dead.
The adder bites you.
You miss the adder.
The adder is almost dead.
The adder bites you but does no damage. The adder bites you.
* * * LOW HITPOINT WARNING * * *
You barely miss the adder.
The adder is almost dead.
The adder bites you.
* * * LOW HITPOINT WARNING * * *
You barely miss the adder.
The adder is almost dead.
The adder bites you.
* * * LOW HITPOINT WARNING * * *
You miss the adder.
The adder is almost dead.
The adder bites you.
You die...

,,,,,,,****######................
,,,,,,,,,,,............o>......#.
,,,,,,,,,**####...o######...#....
,***,,,,,**** #.........#.#.#..#.
,,,,,,,,,,,,* #.o..####.#.#.#..#.
,***,*,,,**,* ##o### *,#.#.#..#.
*,**,*,,,**,* #o# *,#.#.#...o
,,**,*,,,**,* #S# *,#.#.#....
*,**,*,,,**,* #@# *,#........
,,**,*,,,**,* #.#*****,###.#,,,,
****,*,,,**,* #..,,,,,,,,..#,*,*
*,******,***####****,**#..,,,,
*,******,*,,,,,,* *,***,*,,,*
*,,,,,,,,*,****,* *,,,,,,,,,,
************,* *,* ***,,,,,,<,
*,,,,,,* *,* *,* *,,,,,,**
*,****,* *,* *,* *,,,*,***


You could see an adder and 3 orcs.

Vanquished Creatures
  2 adders (D:5)
  An orc (D:5)
3 creatures vanquished.

Vanquished Creatures (others)
  3 fungi (D:5)
  A plant (D:5)
4 creatures vanquished.

Grand Total: 7 creatures vanquished

Notes
Turn   | Place    | Note
-------+----------+-------------------------------------------
     0 | D:5      | comborobin the Mummy Delver began the quest for the Orb.
     0 | D:5      | Reached XP level 1. HP: 18/18 MP: 1/1
    37 | D:5      | Noticed a jelly
    38 | D:5      | Found a staircase to the Ecumenical Temple.
    51 | D:5      | Reached XP level 2. HP: 9/24 MP: 2/2
   283 | D:5      | Found a runed translucent gate.
   283 | D:5      | Found a runed translucent gate.
   288 | D:5      | Noticed a kobold brigand
   428 | D:5      | Noticed a black bear
   468 | D:5      | HP: 1/24 [adder (3)]
   469 | D:5      | Slain by an adder

Illustrated notes

Levels and vault maps discovered:
D:5:      layout_basic, minmay_temple_entry_waves, gammafunk_ghost_nasty_kobolds
D:6:      minmay_razor_zed, layout_loops_cross

Skill      XL: |  1 |
---------------+----+-----
Unarmed Combat | 2 |  2.6
Fighting       | |  3.0
Dodging        | |  1.5
Stealth        | |  4.1

Action                   || total
-------------------------++-------
Melee: Unarmed           ||    39
  Use: Scroll            ||     1
Armor: Leather armour    ||    14
Dodge: Dodged            ||    18

Table legend: (Time is in decaauts)
 A = Elapsed time spent in this place.
 B = Non-inter-level travel time spent in this place.
 C = Inter-level travel time spent in this place.
 D = Time resting spent in this place.
 E = Time spent auto-exploring this place.
 F = Levels seen in this place.
 G = Mean time per level.
                   A        B        C        D        E       F      G
               +--------+--------+--------+--------+--------+-----+--------+
         Total |    468 |    468 |      0 |    266 |      7 |   2 |  234.0 |
       Dungeon |    468 |    468 |      0 |    266 |      7 |   2 |  234.0 |
               +--------+--------+--------+--------+--------+-----+--------+

Top non-repeatable levels by time:
     D:5: 462 daAuts
     D:6: 6 daAuts
